 Dungeon Crawl Stone Soup version 0.28.0-45-g0d030f2227 (webtiles) character file.

Game seed: 2802207490948730960

11 101zpm the Covered (level 2, -3/19 HPs)
             Began as a Gargoyle Fighter on Apr 10, 2022.
             Slain by an iguana (8 damage)
             ... on level 2 of the Dungeon.
             The game lasted 00:00:54 (73 turns).

101zpm the Covered (Gargoyle Fighter)                 Turns: 73, Time: 00:00:54

Health: -3/19      AC:  9    Str: 19    XL:     2   Next: 29%
Magic:  2/2        EV:  9    Int:  8    God:
Gold:   0          SH:  4    Dex:  9    Spells: 1/1 levels left

rFire   . . .      SeeInvis .   a - +0 flail
rCold   . . .      Faith    .   c - +0 buckler
rNeg    + . .      Spirit   .   b - +0 scale mail
rPois   ∞          Reflect  .   (no helmet)
rElec   +          Harm     .   (no cloak)
rCorr   .          Rampage  .   (no gloves)
Will    .....                   (no boots)
Stlth   ..........              (no amulet)
HPRegen 0.06/turn               (no ring)
MPRegen 0.08/turn               (no ring)

@: no status effects
A: sickness immunity, AC +2, negative energy resistance 1, electricity
resistance, torment resistance 1, petrification resistance
a: no special abilities


You were on level 2 of the Dungeon.
You visited 1 branch of the dungeon, and saw 2 of its levels.

Inventory:

Hand Weapons
 a - a +0 flail (weapon)
Armour
 b - a +0 scale mail (worn)
 c - a +0 buckler (worn)
Potions
 d - a potion of might


   Skills:
 + Level 3.4 Fighting
 + Level 2.1 Maces & Flails
 + Level 3.6 Armour
 + Level 3.4 Shields


You had one spell level left.
You didn't know any spells.
Your spell library was empty.

Dungeon Overview and Level Annotations

Branches:
Dungeon (2/15)

Altars:


Innate Abilities, Weirdness & Mutations

You are immune to sickness and miasma.
Your stone body is resilient. (AC +2)
You are immune to poison.
You resist negative energy. (rN+)
You are resistant to electric shocks. (rElec)
You are resistant to unholy torment.
You are immune to petrification.


Message History

The adder barely misses you.
You hit the adder.
The adder is lightly wounded.
The adder bites you but does no damage.
You hit the adder but do no damage.
The adder is lightly wounded.
You block the adder's attack. The adder barely misses you.
You hit the adder.
The adder is severely wounded.
The adder barely misses you. x2
You sock the adder!
You kill the adder!
You have reached level 2!
You barely miss the jackal.
The jackal bites you but does no damage.
The jackal misses you.
You miss the jackal.
The jackal bites you but does no damage.
The jackal barely misses you.
You closely miss the jackal.
The jackal bites you but does no damage. x2
You completely miss the jackal. You block the jackal's attack.
The jackal bites you.
You sock the jackal!
You kill the jackal!
The giant cockroach bites you.
You hit the giant cockroach.
You kill the giant cockroach!
You hit the iguana but do no damage.
The iguana bites you but does no damage.
The iguana bites you!
* * * LOW HITPOINT WARNING * * *
You completely miss the iguana. You block the iguana's attack.
You hit the iguana.
The iguana is moderately wounded.
The iguana closely misses you.
You hit the iguana but do no damage.
The iguana is moderately wounded.
The iguana bites you!
You die...

#..h....l........
###.###........... #...#
#.#####..... ...## #h# ...
..l####.# . ........#.####
..........#..#
....#######..##### ....#
#..hhl@# ###.########.#####
....h...#.......#
........#.##..h.#
........'.##..B.#
........####....###########
........# #..............#
........# ####...........#
........# #...........#


You could see an iguana and 2 jackals.

Vanquished Creatures
  An adder (D:2)
  A giant cockroach (D:2)
  A jackal (D:2)
3 creatures vanquished.

Notes
Turn   | Place    | Note
-------+----------+-------------------------------------------
     0 | D:1      | 101zpm the Gargoyle Fighter began the quest for the Orb.
     0 | D:1      | Reached XP level 1. HP: 14/14 MP: 1/1
     2 | D:2      | Noticed an iguana
    64 | D:2      | Reached XP level 2. HP: 19/19 MP: 2/2
    73 | D:2      | Slain by an iguana

Illustrated notes

Levels and vault maps discovered:
D:1:      lightli_molten_gateway, layout_loops_ring
D:2:      layout_basic

Action                   || total
-------------------------++-------
Melee: Flail             ||    18
Armor: Scale mail        ||    23
Dodge: Dodged            ||    26
Block: Buckler           ||     8
